[Event "Titled Tuesday Blitz May 23 Early 2023"]
[White "Zakhartsov, Vladimir"]
[Black "Yaniuk, Volodymyr"]
[WhiteFideId "4145097"]
[BlackFideId "14133083"]
[WhiteElo "2495"]
[BlackElo "2141"]
[Result "1-0"]
[Round "02"]
[TimeControl "180+2"]
[Date "2023.05.23"]
[WhiteClock "0:00:41"]
[BlackClock "0:00:14"]

1. e4 e5 2. Nf3 Nc6 3. Nc3 Nf6 4. a3 Be7 5. d4 exd4 6. Nxd4 O-O 7. Nxc6 bxc6 8. e5 Ne8 9. Bd3 d5 10. Qh5 g6 11. Qe2 c5 12. Bh6 c4 13. Bxc4 dxc4 14. Rd1 Bd7 15. Bxf8 Kxf8 16. O-O Qc8 17. Qxc4 Be6 18. Qf4 Rb8 19. Qc1 c5 20. b3 Qc6 21. Rfe1 Kg7 22. Ne4 h6 23. Qf4 c4 24. b4 a5 25. c3 axb4 26. axb4 Nc7 27. Nf6 Nb5 28. Re3 g5 29. Qg3 Nc7 30. h4 Nd5 31. hxg5 Nxe3 32. gxh6+ Kh8 33. Qg7# 1-0


[Site "https://www.chess.com"]

[Event "Titled Tuesday Blitz May 23 Early 2023"]
[White "Sielecki, Christof"]
[Black "Svane, Frederik"]
[WhiteFideId "4620437"]
[BlackFideId "12923044"]
[WhiteElo "2443"]
[BlackElo "2502"]
[Result "0-1"]
[Round "02"]
[TimeControl "180+2"]
[Date "2023.05.23"]
[WhiteClock "0:00:06"]
[BlackClock "0:00:04"]

1. e4 e6 2. d4 d5 3. Nd2 Be7 4. Bd3 Nf6 5. e5 Nfd7 6. Qg4 O-O 7. Ndf3 f5 8. Qh3 c5 9. c3 Nc6 10. a3 b5 11. Ne2 b4 12. axb4 cxb4 13. g4 bxc3 14. bxc3 Nb6 15. gxf5 exf5 16. Rg1 g6 17. Ng5 Bxg5 18. Bxg5 Qe8 19. Bf4 Nd8 20. Qg3 Ne6 21. h4 Kh8 22. Bh6 Rg8 23. Nf4 a5 24. Nxe6 Bxe6 25. Bg5 Nd7 26. Kd2 Rb8 27. Rab1 a4 28. Rxb8 Qxb8 29. Rb1 Qc7 30. Bb5 Rb8 31. Bxd7 Bxd7 32. Rxb8+ Qxb8 33. e6 Qb2+ 34. Kd1 Qb1+ 35. Ke2 Qe4+ 36. Qe3 Bxe6 37. Qxe4 dxe4 38. Be7 Kg7 39. Ke3 Kf7 40. Bd6 h6 41. Kf4 Kf6 42. Be5+ Kf7 43. Bd6 Bb3 44. Bb4 Ke6 45. Ke3 g5 46. hxg5 hxg5 47. f4 exf3 48. Kxf3 Bd5+ 49. Kf2 f4 50. Ba3 Kf5 51. Bb4 g4 0-1


[Site "https://www.chess.com"]

[Event "Titled Tuesday Blitz May 23 Early 2023"]
[White "Sjugirov, Sanan"]
[Black "Kiremitciyan, Ari"]
[WhiteFideId "4189302"]
[BlackFideId "6373445"]
[WhiteElo "2569"]
[BlackElo "2181"]
[Result "1-0"]
[Round "02"]
[TimeControl "180+2"]
[Date "2023.05.23"]
[WhiteClock "0:00:42"]
[BlackClock "0:00:00"]

1. d4 Nf6 2. c4 e6 3. e3 d5 4. Nc3 c5 5. Nf3 a6 6. cxd5 exd5 7. Bd3 Nc6 8. O-O c4 9. Bc2 b5 10. Ne5 Qc7 11. f4 Bd6 12. Qf3 Ne7 13. g4 b4 14. Ne2 Bxe5 15. fxe5 Bxg4 16. Qf2 Bxe2 17. Qxe2 Ne4 18. Qf3 O-O 19. Bxe4 dxe4 20. Qxe4 Rae8 21. Bd2 a5 22. Rac1 Ng6 23. Qd5 Rc8 24. a3 Rfd8 25. Qg2 Qb6 26. axb4 axb4 27. Be1 Rc7 28. Qf3 Rdc8 29. Bg3 Rd7 30. h4 c3 31. bxc3 bxc3 32. h5 Nf8 33. Rc2 Qb3 34. Rfc1 Ra7 35. h6 gxh6 36. Qg4+ 1-0


[Site "https://www.chess.com"]

[Event "Titled Tuesday Blitz May 23 Early 2023"]
[White "Korchmar, Vasiliy"]
[Black "Kramnik, Vladimir"]
[WhiteFideId "24131750"]
[BlackFideId "4101588"]
[WhiteElo "2370"]
[BlackElo "2703"]
[Result "1/2-1/2"]
[Round "02"]
[TimeControl "180+2"]
[Date "2023.05.23"]
[WhiteClock "0:00:03"]
[BlackClock "0:00:07"]

1. e4 c5 2. Nf3 e6 3. g3 Nc6 4. Bg2 Nf6 5. Qe2 d6 6. O-O Be7 7. c3 e5 8. Rd1 O-O 9. h3 Re8 10. d4 exd4 11. cxd4 Bf8 12. Nc3 cxd4 13. Nxd4 Bd7 14. Bf4 Ne5 15. Rac1 a6 16. g4 b5 17. g5 Ng6 18. Bg3 b4 19. gxf6 bxc3 20. fxg7 Bxg7 21. Rxc3 d5 22. Re3 Bh6 23. Rc3 dxe4 24. Nc6 Qc8 25. Ne7+ Rxe7 26. Rxc8+ Rxc8 27. Qxa6 e3 28. Rxd7 Rc1+ 29. Kh2 Rxd7 30. fxe3 Rd2 31. Qa8+ Bf8 32. h4 Rcc2 33. h5 Ne7 34. Kh3 Rxg2 35. Bd6 Rge2 36. Qe4 Nf5 37. Qxf5 Bxd6 38. Qg5+ Kf8 39. Qd8+ Kg7 40. Qg5+ Kf8 41. Qd8+ Kg7 42. Qg5+ Kf8 1/2-1/2


[Site "https://www.chess.com"]

[Event "Titled Tuesday Blitz May 23 Early 2023"]
[White "Narayanan, Srinath"]
[Black "Szabo, Marcell"]
[WhiteFideId "5018420"]
[BlackFideId "2072033"]
[WhiteElo "2438"]
[BlackElo "1795"]
[Result "1-0"]
[Round "02"]
[TimeControl "180+2"]
[Date "2023.05.23"]
[WhiteClock "0:00:32"]
[BlackClock "0:00:18"]

1. Nf3 Nf6 2. c4 d5 3. e3 g6 4. cxd5 Nxd5 5. d4 Bg7 6. Nc3 O-O 7. Bc4 Nxc3 8. bxc3 c5 9. O-O cxd4 10. cxd4 Nc6 11. Ba3 Qa5 12. Qb3 Qh5 13. Be2 Be6 14. Qxb7 Bd5 15. Qa6 Rfb8 16. Rac1 Rb6 17. Qd3 Bxa2 18. Ne5 Nxe5 19. Qe4 Qxe2 20. Qxa8+ Bf8 21. dxe5 Kg7 22. Qxa7 Re6 23. Qd4 h5 24. h3 Kh7 25. Qf4 Bg7 26. Qxf7 Rxe5 27. Qf4 Rf5 28. Qe4 Bd5 29. Qxe7 Kh6 30. Rce1 Qa2 31. Bd6 Bf8 32. Qd8 Bxd6 33. Qxd6 Rg5 34. e4 Ba8 35. Ra1 Qg8 36. Qf4 Qe8 37. h4 Qxe4 38. hxg5+ Kh7 39. Ra7+ Kh8 40. Qf8# 1-0


[Site "https://www.chess.com"]

[Event "Titled Tuesday Blitz May 23 Early 2023"]
[White "HamedWafa4"]
[Black "Drygalov, Andrey"]
[BlackFideId "24171735"]
[WhiteElo "2598"]
[BlackElo "2466"]
[Result "0-1"]
[Round "02"]
[TimeControl "180+2"]
[Date "2023.05.23"]
[WhiteClock "0:00:00"]
[BlackClock "0:00:16"]

1. e4 c5 2. Nf3 d6 3. Bb5+ Nd7 4. c4 a6 5. Ba4 Nf6 6. O-O e5 7. d3 Be7 8. Nc3 O-O 9. a3 Nb6 10. Bc2 Bg4 11. h3 Bh5 12. b4 Nbd7 13. Rb1 b6 14. Qe2 cxb4 15. axb4 a5 16. g4 Bg6 17. b5 Nc5 18. Be3 Qd7 19. Bxc5 bxc5 20. Ba4 Rab8 21. Ne1 Bd8 22. Nc2 h5 23. f3 Nh7 24. Nd5 Ng5 25. Kg2 Ne6 26. Nce3 Nd4 27. Qd2 Bg5 28. Qe1 Qd8 29. Nf5 Bxf5 30. exf5 g6 31. h4 Bxh4 32. Qe4 gxf5 33. gxf5 Qg5+ 34. Kh1 Nxf5 35. Rg1 Ng3+ 36. Kh2 f5 37. Qe3 f4 38. Qf2 Kh7 39. Qg2 Qg6 40. Qh3 Bd8 41. b6 Qxd3 42. Qd7+ Kh8 0-1


[Site "https://www.chess.com"]

[Event "Titled Tuesday Blitz May 23 Early 2023"]
[White "Matlakov, Maxim"]
[Black "Al-Tarboush, Ward"]
[WhiteFideId "4168003"]
[BlackFideId "7601450"]
[WhiteElo "2666"]
[BlackElo "2265"]
[Result "1-0"]
[Round "02"]
[TimeControl "180+2"]
[Date "2023.05.23"]
[WhiteClock "0:01:24"]
[BlackClock "0:00:35"]

1. Nf3 Nf6 2. g3 g6 3. Bg2 Bg7 4. d4 d5 5. O-O O-O 6. c3 Nc6 7. Bf4 Bg4 8. Nbd2 Nh5 9. Bg5 h6 10. Be3 e5 11. Nxe5 Nxe5 12. dxe5 Qd7 13. Nb3 c6 14. f3 Bh3 15. g4 Bxg4 16. fxg4 Qxg4 17. Qd4 Qe6 18. Nc5 Qe7 19. Nd3 Rae8 20. Qg4 Bxe5 21. Nxe5 Qxe5 22. Bc5 Qxe2 23. Qxe2 Rxe2 24. Bxf8 Kxf8 25. Rf2 Re5 26. Kf1 Rg5 27. Re1 Ng7 28. Bh3 Rh5 29. Bc8 b6 30. Bd7 c5 31. Be6 Nxe6 32. Rxe6 Rxh2 33. Rxh2 fxe6 34. Rxh6 Kg7 35. Rh2 b5 36. Ke2 a5 37. Ke3 a4 38. b4 c4 39. Kd4 Kf6 40. Rf2+ Kg5 41. Kc5 Kg4 42. Kxb5 e5 43. Kc5 e4 44. Kd4 1-0


[Site "https://www.chess.com"]

[Event "Titled Tuesday Blitz May 23 Early 2023"]
[White "Durarbayli, Vasif"]
[Black "Bagrationi, Alexander"]
[WhiteFideId "13402935"]
[BlackFideId "14104954"]
[WhiteElo "2551"]
[BlackElo "2398"]
[Result "1-0"]
[Round "02"]
[TimeControl "180+2"]
[Date "2023.05.23"]
[WhiteClock "0:00:09"]
[BlackClock "0:00:09"]

1. e4 c5 2. Nf3 Nc6 3. d4 cxd4 4. Nxd4 g6 5. c4 Bg7 6. Be3 Nf6 7. Nc3 O-O 8. Be2 d6 9. O-O Nxd4 10. Bxd4 Bd7 11. Qd3 Bc6 12. f4 Nd7 13. Bxg7 Kxg7 14. Kh1 Nc5 15. Qe3 a5 16. b3 Qb6 17. Nd5 Bxd5 18. exd5 Rfe8 19. f5 Nd7 20. Qf4 Ne5 21. f6+ exf6 22. Qxf6+ Kg8 23. Rae1 Qd8 24. Qf4 Qc7 25. h4 f5 26. h5 b6 27. Bd1 Qg7 28. Re3 Ra7 29. Rg3 Rae7 30. Kg1 Nf7 31. Bc2 Re5 32. Bd3 g5 33. Qd4 f4 34. Rxf4 Re1+ 35. Bf1 Qxd4+ 36. Rxd4 R8e2 37. a3 Rb2 38. Rdd3 Rbb1 39. Rdf3 h6 40. Rf6 Ne5 41. Rc3 Kg7 42. Rf5 Ng4 43. Rcf3 Ne5 44. Rc3 Ng4 45. Rcf3 Ne5 46. Rg3 Ra1 47. b4 a4 48. c5 bxc5 49. bxc5 dxc5 50. d6 Rad1 51. Rc3 c4 52. Rc2 g4 53. Rcf2 g3 54. R2f4 Rxd6 55. Rf8 Rdd1 56. Rc8 Rc1 57. Rc7+ Kg8 58. Rc8+ Kg7 59. Rc7+ Kg8 60. Rf5 Rxf1+ 61. Rxf1 Rxf1+ 62. Kxf1 Nd3 63. Rxc4 Kf7 64. Rxa4 Ke6 65. Rd4 Ne5 66. Re4 Kf5 67. Rxe5+ Kxe5 68. Ke2 Ke4 69. a4 Kd5 70. Kf3 Kc5 71. Kxg3 Kb4 72. Kf4 Kxa4 73. Kf5 Kb5 74. Kg6 Kc6 75. Kxh6 1-0


[Site "https://www.chess.com"]

[Event "Titled Tuesday Blitz May 23 Early 2023"]
[White "Bodnaruk, Anastasia"]
[Black "Fridman, Daniel"]
[WhiteFideId "4181751"]
[BlackFideId "11600454"]
[WhiteElo "2304"]
[BlackElo "2525"]
[Result "0-1"]
[Round "02"]
[TimeControl "180+2"]
[Date "2023.05.23"]
[WhiteClock "0:00:00"]
[BlackClock "0:00:31"]

1. e4 c6 2. d4 d5 3. e5 c5 4. c3 Nc6 5. Be2 Bf5 6. Nf3 e6 7. O-O a6 8. Be3 cxd4 9. Nxd4 Nge7 10. f4 Nxd4 11. cxd4 Qb6 12. Qd2 Nc6 13. Nc3 Bb4 14. Rfc1 Na5 15. b3 Ba3 16. Rf1 Rc8 17. Na4 Qb4 18. Nc5 Qxd2 19. Bxd2 Nc6 20. Nxb7 Nxd4 21. Bxa6 Ra8 22. Bc3 Nc2 23. Bb5+ Ke7 24. Nd6 Nxa1 25. Rxa1 Bxd6 26. exd6+ Kxd6 27. Bxg7 Rhg8 28. Be5+ Ke7 29. a4 f6 30. Bc3 Rgc8 31. Bb4+ Kf7 32. Ra2 Rc1+ 33. Kf2 Rc2+ 34. Rxc2 Bxc2 35. a5 Bxb3 36. Ke3 Rb8 37. a6 Rxb5 38. a7 d4+ 0-1


[Site "https://www.chess.com"]

[Event "Titled Tuesday Blitz May 23 Early 2023"]
[White "bubeliang"]
[Black "Grigoriants, Sergey"]
[BlackFideId "4130804"]
[WhiteElo "2595"]
[BlackElo "2502"]
[Result "1/2-1/2"]
[Round "02"]
[TimeControl "180+2"]
[Date "2023.05.23"]
[WhiteClock "0:00:16"]
[BlackClock "0:00:06"]

1. e4 c5 2. c3 d5 3. exd5 Qxd5 4. d4 Nf6 5. Nf3 e6 6. Na3 Qd8 7. Nc4 Nc6 8. Be3 cxd4 9. Nxd4 Nd5 10. Nxc6 bxc6 11. Qa4 Nxe3 12. Nxe3 Qc7 13. Bd3 Bc5 14. Qe4 g6 15. O-O O-O 16. Bc4 Rb8 17. b4 Bd6 18. Qh4 Be5 19. Rac1 Qd8 20. Qe4 Qc7 21. Qh4 Bg7 22. Ng4 f5 23. Ne3 Kh8 24. Rfe1 e5 25. Rcd1 e4 26. Nc2 Bxc3 27. Re3 Bf6 28. Qh6 Qg7 29. Qf4 Be5 30. Qh4 Qf6 31. Qh6 Qg7 32. Qh4 Qf6 33. Qh6 Qg7 34. Qh4 1/2-1/2


[Site "https://www.chess.com"]

[Event "Titled Tuesday Blitz May 23 Early 2023"]
[White "Drygalov, Sergey"]
[Black "djokovic74"]
[WhiteFideId "24171743"]
[WhiteElo "2533"]
[BlackElo "2595"]
[Result "1-0"]
[Round "02"]
[TimeControl "180+2"]
[Date "2023.05.23"]
[WhiteClock "0:00:28"]
[BlackClock "0:00:03"]

1. d4 e6 2. c4 Nf6 3. Nc3 Bb4 4. e3 O-O 5. Bd3 b6 6. Ne2 d5 7. cxd5 exd5 8. a3 Bd6 9. b4 a5 10. b5 Bb7 11. Qc2 Nbd7 12. Ng3 g6 13. O-O Re8 14. a4 Qe7 15. f3 h5 16. Nge2 Rac8 17. Bd2 c5 18. bxc6 Bxc6 19. Qb3 Kg7 20. e4 dxe4 21. fxe4 Ng4 22. h3 Ngf6 23. Bg5 Bb8 24. e5 Bxe5 25. dxe5 Qxe5 26. Bf4 Qc5+ 27. Kh1 Ne5 28. Bb5 Bb7 29. Rac1 Qe7 30. Bxe8 Qxe8 31. Bxe5 Qxe5 32. Qxb6 Ba8 33. Qd4 Qe6 34. Nf4 Qf5 35. Nxh5+ Qxh5 36. Qxf6+ Kh6 37. Qf4+ g5 38. Qf6+ Kh7 39. Qf5+ Kg7 40. Qxc8 g4 41. Qxg4+ Qxg4 42. hxg4 1-0


[Site "https://www.chess.com"]

[Event "Titled Tuesday Blitz May 23 Early 2023"]
[White "Hansen, Eric"]
[Black "Erzhanov, Arman"]
[WhiteFideId "2606771"]
[BlackFideId "4138821"]
[WhiteElo "2561"]
[BlackElo "2138"]
[Result "1-0"]
[Round "02"]
[TimeControl "180+2"]
[Date "2023.05.23"]
[WhiteClock "0:01:09"]
[BlackClock "0:00:49"]

1. f4 d5 2. Nf3 g6 3. g3 Bg7 4. Bg2 c5 5. O-O Nc6 6. d3 Nf6 7. Nc3 d4 8. Ne4 b6 9. Ne5 Nxe5 10. Nxf6+ exf6 11. fxe5 Rb8 12. exf6 Bxf6 13. Bf4 Rb7 14. Bc6+ Kf8 15. Bh6+ Bg7 16. Qd2 Rc7 17. Qf4 Be6 18. Qe5 Bxh6 19. Qxh8+ Ke7 20. Qf6+ 1-0


[Site "https://www.chess.com"]

[Event "Titled Tuesday Blitz May 23 Early 2023"]
[White "Ahmadzada, Ahmad"]
[Black "hakanazeri2"]
[WhiteFideId "13413007"]
[WhiteElo "2388"]
[BlackElo "2591"]
[Result "1/2-1/2"]
[Round "02"]
[TimeControl "180+2"]
[Date "2023.05.23"]
[WhiteClock "0:00:03"]
[BlackClock "0:00:05"]

1. Nf3 c5 2. g3 Nc6 3. Bg2 e6 4. c4 Nf6 5. O-O Be7 6. b3 O-O 7. Bb2 d5 8. e3 b6 9. Qe2 Bb7 10. d3 Qc7 11. Nc3 Rac8 12. Rfd1 Rfd8 13. Rac1 Qb8 14. cxd5 Nxd5 15. Nxd5 exd5 16. d4 c4 17. Ne5 b5 18. e4 dxe4 19. Bxe4 Nxe5 20. dxe5 Rxd1+ 21. Rxd1 Bxe4 22. Qxe4 c3 23. Bc1 Qc7 24. Rd5 Rd8 25. Kg2 b4 26. Rxd8+ Qxd8 27. Be3 h6 28. Bxa7 Qa5 29. Be3 Qxa2 30. Qc4 c2 31. Qc8+ Bf8 32. Qc4 Qb2 33. e6 fxe6 34. Qxe6+ Kh8 35. Qc4 Be7 36. Qc8+ Kh7 37. Qc4 Bf6 38. h4 Bc3 39. Qe4+ Kh8 40. Qe8+ Kh7 41. Qe4+ Kh8 42. Qe8+ Kh7 43. Qe4+ 1/2-1/2


[Site "https://www.chess.com"]

[Event "Titled Tuesday Blitz May 23 Early 2023"]
[White "Fiorito, Joaquin"]
[Black "Quesada Perez, Yuniesky"]
[WhiteFideId "180173"]
[BlackFideId "3504409"]
[WhiteElo "2157"]
[BlackElo "2585"]
[Result "0-1"]
[Round "02"]
[TimeControl "180+2"]
[Date "2023.05.23"]
[WhiteClock "0:00:06"]
[BlackClock "0:00:05"]

1. d4 d5 2. c4 c6 3. Nc3 Nf6 4. e3 e6 5. Nf3 Nbd7 6. Bd3 Be7 7. e4 dxe4 8. Nxe4 Nxe4 9. Bxe4 Nf6 10. Bc2 c5 11. O-O O-O 12. b3 b6 13. Bb2 Bb7 14. dxc5 Bxc5 15. Qe2 Qe7 16. a3 a5 17. Ne5 Rfd8 18. Nd3 Bd4 19. Bxd4 Rxd4 20. Ne5 Rad8 21. Rfd1 Rxd1+ 22. Rxd1 g6 23. Rxd8+ Qxd8 24. Qe3 Qd6 25. h3 Qxa3 26. Kh2 Qc5 27. Qf4 Kg7 28. g4 h6 29. h4 Qe7 30. Qd4 Qc7 31. Kg1 Qc5 32. Qf4 Qe7 33. Qd4 Qc5 34. Qf4 Qc7 35. g5 hxg5 36. hxg5 Nh5 37. Qd4 Kg8 38. Nd7 Qc6 39. Kf1 Qf3 40. Ke1 Qh1+ 41. Kd2 Qg2 42. Nf6+ Nxf6 43. Qxf6 Qc6 44. Kc3 Qd6 45. f4 Bc6 46. Kb2 a4 47. bxa4 Qb4+ 48. Kc1 Qe1+ 49. Kb2 Qb4+ 50. Kc1 Qxc4 51. Qd8+ Kg7 52. Qxb6 Be4 53. Qb2+ Kg8 54. Kd2 Bxc2 55. Qxc2 Qxf4+ 56. Ke2 Qxg5 57. Qa2 Qg2+ 0-1


[Site "https://www.chess.com"]

[Event "Titled Tuesday Blitz May 23 Early 2023"]
[White "Thecourseoisildur"]
[Black "Galchenko, Matvey"]
[BlackFideId "24175480"]
[WhiteElo "2588"]
[BlackElo "2423"]
[Result "0-1"]
[Round "02"]
[TimeControl "180+2"]
[Date "2023.05.23"]
[WhiteClock "0:00:01"]
[BlackClock "0:00:20"]

1. e4 e6 2. d4 d5 3. e5 c5 4. c3 Qb6 5. Nf3 Nc6 6. Bd3 cxd4 7. O-O Bd7 8. Re1 Nge7 9. h4 Rc8 10. Nbd2 dxc3 11. bxc3 Na5 12. Rb1 Qc7 13. Ba3 Ng6 14. Bxf8 Kxf8 15. Bxg6 hxg6 16. Ng5 Kg8 17. Qf3 Be8 18. Qf4 b6 19. c4 Nxc4 20. Rec1 b5 21. a4 a6 22. axb5 axb5 23. Ndf3 Ra8 24. Ra1 Rb8 25. Qd4 b4 26. Ra7 Qb6 27. Qxb6 Rxb6 28. Nd4 Rxh4 29. Nb3 f6 30. Nf3 Rf4 31. Ra8 Kf7 32. Rca1 Rb7 33. Nc5 Re7 34. Rb8 Nxe5 35. Nxe5+ fxe5 36. Nd3 Rf5 37. Rxb4 e4 38. Nc5 Rc7 39. Na6 Ra7 40. Rb6 d4 41. Rd1 d3 42. Nb4 Rb5 43. Rxb5 Bxb5 44. f3 Ra4 45. Rb1 Rxb4 46. Rxb4 d2 47. Rd4 e3 48. Kh2 Ba4 49. Rxd2 exd2 0-1


[Site "https://www.chess.com"]

[Event "Titled Tuesday Blitz May 23 Early 2023"]
[White "demon64fields"]
[Black "brm72"]
[WhiteElo "2877"]
[BlackElo "2587"]
[Result "1-0"]
[Round "02"]
[TimeControl "180+2"]
[Date "2023.05.23"]
[WhiteClock "0:00:17"]
[BlackClock "0:00:05"]

1. Nf3 c5 2. g3 Nc6 3. Bg2 g6 4. O-O Bg7 5. c4 e5 6. Nc3 d6 7. d3 Nge7 8. Bg5 f6 9. Bd2 O-O 10. a3 a5 11. Ne1 Be6 12. Nc2 d5 13. cxd5 Nxd5 14. Nxd5 Bxd5 15. Bxd5+ Qxd5 16. Ne3 Qe6 17. Bc3 f5 18. Qa4 Nd4 19. Bxd4 exd4 20. Qc4 Rfe8 21. Nd5 Rac8 22. a4 Kh8 23. Rfe1 g5 24. e3 Qd6 25. e4 f4 26. Qb3 Be5 27. Qxb7 fxg3 28. fxg3 Bxg3 29. Re2 Be5 30. Rf1 Rf8 31. Rxf8+ Rxf8 32. Qe7 Qxe7 33. Nxe7 Rf3 34. Rd2 Bf4 35. Rd1 Be3+ 36. Kh1 Rf2 37. Nc6 Rxb2 38. Nxa5 Ra2 39. Nb3 Rxa4 40. Nxc5 Ra5 41. Ne6 h5 42. Nc7 Kh7 43. Nd5 Kg6 44. Nxe3 dxe3 45. Re1 g4 46. Rxe3 Kg5 47. Re1 Ra2 48. e5 Ra7 49. d4 Rd7 50. e6 Re7 51. d5 Kf6 52. Kg2 h4 53. Kf2 Re8 54. Ke3 Ke7 55. Ke4 Kd6 56. Rc1 g3 57. Rc6+ Ke7 58. hxg3 hxg3 59. Rc7+ Kf6 60. Rf7+ Kg6 61. Rf3 g2 62. Rg3+ Kf6 63. Rxg2 Ra8 64. Rf2+ Ke7 65. Rf7+ Kd6 66. Rd7+ Kc5 67. e7 Re8 68. d6 Kc6 69. Rd8 Kb7 70. Rxe8 Ka7 71. Ke5 Kb7 72. Ke6 Ka7 73. Rf8 Kb7 74. e8=Q Ka7 75. Qd7+ Kb6 76. Qc7+ Ka6 77. Ra8+ Kb5 78. Rb8+ Ka4 79. Qa7# 1-0


[Site "https://www.chess.com"]

[Event "Titled Tuesday Blitz May 23 Early 2023"]
[White "Babazada, Khazar"]
[Black "Miranda, Rafael"]
[WhiteFideId "13413554"]
[BlackFideId "130990"]
[WhiteElo "2351"]
[BlackElo "2204"]
[Result "1-0"]
[Round "02"]
[TimeControl "180+2"]
[Date "2023.05.23"]
[WhiteClock "0:01:04"]
[BlackClock "0:00:37"]

1. e4 e5 2. Nf3 Nc6 3. Bb5 g6 4. O-O Bg7 5. c3 Nge7 6. d4 exd4 7. cxd4 d5 8. Bxc6+ bxc6 9. Nc3 O-O 10. Re1 Bg4 11. e5 Nf5 12. Be3 Rb8 13. Na4 f6 14. e6 Re8 15. Nc5 Nh4 16. Bf4 Bxf3 17. gxf3 Rxb2 18. Bg3 Rd2 19. Qb3 Nf5 20. Qb7 Nxd4 21. Kg2 Nc2 22. Qxc6 Nxe1+ 23. Rxe1 Bf8 24. Nd7 Kg7 25. Bxc7 Qa8 26. Qc3 1-0


[Site "https://www.chess.com"]

[Event "Titled Tuesday Blitz May 23 Early 2023"]
[White "Spitzl, Vinzent"]
[Black "Sychev, Klementy"]
[WhiteFideId "12901253"]
[BlackFideId "4114060"]
[WhiteElo "2225"]
[BlackElo "2583"]
[Result "1/2-1/2"]
[Round "02"]
[TimeControl "180+2"]
[Date "2023.05.23"]
[WhiteClock "0:00:16"]
[BlackClock "0:00:04"]

1. e4 e5 2. Nf3 Nc6 3. Bb5 a6 4. Ba4 f5 5. d3 fxe4 6. dxe4 Nf6 7. Qe2 d6 8. Nc3 Be7 9. Bb3 Na5 10. h3 Nxb3 11. axb3 O-O 12. Bg5 Be6 13. O-O Nh5 14. Be3 Qe8 15. Nd5 Bd8 16. Kh2 Qg6 17. Rad1 Qxe4 18. Nd2 Qg6 19. Nc4 c6 20. Ndb6 Bxb6 21. Nxb6 Rad8 22. Nc4 Bd5 23. Qg4 Qxg4 24. hxg4 Nf4 25. f3 Bxc4 26. bxc4 Ne6 27. Rd2 Kf7 28. Rfd1 Ke7 29. Bf2 Rd7 30. Be3 Rh8 31. Kg3 h5 32. gxh5 Rxh5 33. b4 g5 34. Rd3 Rh8 35. Bd2 Nf4 36. Bxf4 gxf4+ 37. Kf2 Ke6 38. R3d2 d5 39. cxd5+ cxd5 40. Re2 Kf5 41. Rde1 Re7 42. Rd1 Rd8 43. Red2 d4 44. c4 Rh7 45. c5 Rg8 46. Re2 Rhg7 47. Kf1 Rh7 48. Kf2 Rh2 49. Kg1 Rh7 50. Kf2 1/2-1/2


[Site "https://www.chess.com"]

[Event "Titled Tuesday Blitz May 23 Early 2023"]
[White "Bacrot, Etienne"]
[Black "Fishchuk, Vladyslav"]
[WhiteFideId "605506"]
[BlackFideId "34122117"]
[WhiteElo "2672"]
[BlackElo "2082"]
[Result "1-0"]
[Round "02"]
[TimeControl "180+2"]
[Date "2023.05.23"]
[WhiteClock "0:00:08"]
[BlackClock "0:00:03"]

1. e4 c5 2. Nf3 Nf6 3. e5 Nd5 4. Nc3 e6 5. g3 Nc6 6. Bg2 d6 7. exd6 Bxd6 8. O-O O-O 9. Ne4 Be7 10. d4 cxd4 11. Nxd4 Qb6 12. Nxc6 bxc6 13. c4 Nf6 14. Qc2 Nxe4 15. Bxe4 h6 16. Be3 Qc7 17. Qa4 Bd7 18. Rfd1 Rfd8 19. Rxd7 Rxd7 20. Bxc6 Rad8 21. Bxd7 Rxd7 22. Rc1 h5 23. c5 h4 24. c6 Rd3 25. Qxa7 Qd6 26. gxh4 Rd1+ 27. Kg2 Rxc1 28. Qa8+ Kh7 29. Bxc1 Qd5+ 30. f3 Qc4 31. c7 Qe2+ 32. Kg3 Bd6+ 33. f4 Qe1+ 34. Kg2 Qe2+ 35. Kg3 Qe1+ 36. Kg4 f5+ 37. Kh3 Qxc1 38. c8=Q Qe3+ 39. Kg2 Qe2+ 40. Kg3 Qe1+ 41. Kf3 Qe4+ 42. Kf2 Qxf4+ 43. Ke2 Qe4+ 44. Qxe4 1-0


[Site "https://www.chess.com"]

[Event "Titled Tuesday Blitz May 23 Early 2023"]
[White "egorchess95"]
[Black "Stribuk, Artiom"]
[BlackFideId "13515659"]
[WhiteElo "2577"]
[BlackElo "2303"]
[Result "0-1"]
[Round "02"]
[TimeControl "180+2"]
[Date "2023.05.23"]
[WhiteClock "0:00:11"]
[BlackClock "0:00:15"]

1. e4 c5 2. Nf3 d6 3. d4 cxd4 4. Qxd4 Nf6 5. Nc3 Nc6 6. Bb5 Bd7 7. Bxc6 Bxc6 8. Bg5 e6 9. O-O-O Be7 10. Qd3 Qa5 11. Kb1 O-O 12. h4 Rfc8 13. Nd4 Be8 14. f4 h6 15. g4 Rxc3 16. bxc3 Rc8 17. Rh3 b5 18. Bxf6 Bxf6 19. g5 Be7 20. gxh6 b4 21. Nb3 Qh5 22. cxb4 Qxh6 23. f5 Bd7 24. Rg3 Qxh4 25. Rdg1 Bf6 26. Qxd6 Qxe4 27. R3g2 Ba4 28. fxe6 fxe6 29. Nc5 Qxb4+ 30. Kc1 Qb2+ 31. Kd1 Qb1+ 32. Ke2 Qxc2+ 33. Qd2 Qxc5 34. Rb1 Bb5+ 35. Ke1 Bh4+ 36. Kd1 Rd8 37. Qxd8+ Bxd8 38. Rbb2 Bf6 39. Rbd2 Ba4+ 40. Ke1 Qe3+ 41. Rge2 Qg1# 0-1


[Site "https://www.chess.com"]

[Event "Titled Tuesday Blitz May 23 Early 2023"]
[White "Beerdsen, Thomas"]
[Black "Bayo Milagro, Alvaro"]
[WhiteFideId "1030108"]
[BlackFideId "22275240"]
[WhiteElo "2549"]
[BlackElo "2270"]
[Result "1-0"]
[Round "02"]
[TimeControl "180+2"]
[Date "2023.05.23"]
[WhiteClock "0:02:00"]
[BlackClock "0:01:09"]

1. e4 c5 2. Nf3 Nc6 3. Bc4 e6 4. O-O Nf6 5. Re1 d5 6. exd5 Nxd5 7. Bxd5 Qxd5 8. Nc3 Qd8 9. d4 cxd4 10. Nb5 Be7 11. Bf4 O-O 12. Nfxd4 Nxd4 13. Nxd4 Bf6 14. Be5 Bd7 15. Qg4 Bc6 16. Nxc6 bxc6 17. Rad1 Qe7 18. Bd6 Qb7 19. Bxf8 Rxf8 20. b3 g6 21. Qf3 Kg7 22. Rd6 Qb4 23. Red1 c5 24. Rd7 a5 25. a4 c4 26. Rb7 Qc5 27. g3 h5 28. h4 1-0


[Site "https://www.chess.com"]

[Event "Titled Tuesday Blitz May 23 Early 2023"]
[White "Demin, Vladimir"]
[Black "Gareyev, Timur"]
[WhiteFideId "4167457"]
[BlackFideId "14200937"]
[WhiteElo "2568"]
[BlackElo "2563"]
[Result "0-1"]
[Round "02"]
[TimeControl "180+2"]
[Date "2023.05.23"]
[WhiteClock "0:00:05"]
[BlackClock "0:00:52"]

1. d4 Nf6 2. Nc3 d5 3. Bf4 e6 4. Nb5 Na6 5. e3 Be7 6. Nf3 O-O 7. Be2 c6 8. Nc3 c5 9. Ne5 Nb4 10. g4 Nd7 11. h4 a6 12. g5 b5 13. Rg1 Bb7 14. h5 Nxe5 15. Bxe5 Bd6 16. f4 Bxe5 17. fxe5 Rc8 18. Qd2 Qa5 19. Bg4 cxd4 20. exd4 Nxc2+ 21. Qxc2 b4 22. h6 bxc3 23. b4 Qxb4 24. hxg7 Kxg7 25. Rh1 Rh8 26. Rb1 Qxd4 27. Rxb7 Qxg4 28. Rf1 Rhf8 29. Rh1 Qe4+ 30. Qxe4 dxe4 31. Ke2 Rc5 32. Ke3 c2 33. Rc1 Rd8 34. Rb2 Rd3+ 35. Kxe4 Rdc3 36. Kd4 R5c4# 0-1


[Site "https://www.chess.com"]

[Event "Titled Tuesday Blitz May 23 Early 2023"]
[White "Spata, German"]
[Black "Remizov, Yaroslav"]
[WhiteFideId "113026"]
[BlackFideId "34134015"]
[WhiteElo "2260"]
[BlackElo "2400"]
[Result "0-1"]
[Round "02"]
[TimeControl "180+2"]
[Date "2023.05.23"]
[WhiteClock "0:00:04"]
[BlackClock "0:00:18"]

1. Nf3 g5 2. Nxg5 e5 3. Nf3 e4 4. Nd4 Nc6 5. Nxc6 dxc6 6. d3 Nf6 7. Nc3 Bb4 8. Bd2 Qe7 9. Nxe4 Nxe4 10. dxe4 Qxe4 11. a3 Bc5 12. Bc3 Rg8 13. Qd3 Bf5 14. Qxe4+ Bxe4 15. f3 Bxc2 16. e4 Bb3 17. g4 O-O-O 18. Be2 Be3 19. Bd1 Be6 20. Ke2 Bf4 21. Bc2 c5 22. h3 b5 23. Rad1 Rde8 24. Kf2 Kb7 25. Bd2 Be5 26. Bc3 Bf4 27. Bd2 Bd6 28. Bc3 c4 29. Ke3 Rd8 30. Bd4 h5 31. Ke2 Bf4 32. Be3 Be5 33. Bc1 a5 34. Rxd8 Rxd8 35. Rd1 Rh8 36. f4 hxg4 37. fxe5 gxh3 38. Rh1 b4 39. axb4 axb4 40. Bf4 c5 41. Kf3 Kc6 42. Kg3 Rg8+ 43. Kf3 Rg2 44. Rc1 Bg4+ 45. Ke3 Re2# 0-1


[Site "https://www.chess.com"]